Map: Dusk Towers

Players

HeReDoDGeTiC - Winner!

  • Race: Terran Terran
  • League: Diamond

Juicy

  • Race: Protoss Protoss
  • League: Diamond

VOD

Have the link to the VOD?

Description

Time

  • Played on: Feb. 29, 2016, 1:33 a.m.
  • Length: 10:32
Show
View Real Time Build Order
Export as new Build Order

HeReDoDGeTiC Terran - Winner!

Build Orders: Reaper Expand, MMM Bio 

Get SALT Encoding   

  12  0:01  SCV  
  13  0:13  SCV  
  14  0:18  Supply Depot  
  14  0:25  SCV  
  15  0:39  SCV  
  15  0:41  Barracks  
  16  0:45  Refinery  
  16  0:52  SCV  
  17  1:04  SCV  
  18  1:16  SCV  
  19  1:30  Orbital Command  
  19  1:31  Reaper  
  20  1:45  Command Center  
  20  1:55  SCV  
  20  1:58  Supply Depot  
  21  2:07  SCV  
  22  2:09  Barracks Reactor  
  22  2:14  Barracks  
  22  2:19  Barracks  
  22  2:27  SCV  
  23  2:39  SCV  
  24  2:48  Marine x2  
  24  2:51  SCV  
  27  2:56  Orbital Command  
  27  3:03  Barracks Tech Lab, SCV  
  28  3:06  Marine x2  
  30  3:15  SCV  
  30  3:17  Marine  
  32  3:22  Marine, Stimpack  
  32  3:23  Marine  
  32  3:24  Marine, SCV  
  36  3:27  SCV  
  36  3:30  Supply Depot  
  37  3:35  Marine  
  37  3:36  SCV  
  37  3:39  SCV  
  37  3:40  Marine  
  41  3:41  Marine x2  
  41  3:46  Supply Depot  
  41  3:48  SCV  
  44  3:51  SCV  
  44  3:52  Marine, Factory  
  44  3:54  Refinery  
  46  3:57  Supply Depot  
  46  4:00  Marine, SCV  
  46  4:02  Marine  
  49  4:05  SCV  
  50  4:12  Marine, SCV  
  50  4:13  Marine  
  53  4:17  Engineering Bay, SCV  
  53  4:22  Marine x2  
  55  4:24  SCV  
  55  4:29  SCV  
  55  4:30  Marine  
  55  4:31  Marine  
  58  4:32  Supply Depot  
  58  4:36  Starport, Factory Reactor, SCV  
  60  4:40  Marine  
  60  4:41  SCV  
  60  4:43  Missile Turret  
  62  4:47  Missile Turret  
  62  4:48  Terran Infantry Weapons Level 1  
  62  4:50  SCV  
  62  4:52  Marine  
  63  4:53  Marine  
  63  4:57  Missile Turret  
  65  5:00  Missile Turret  
  65  5:01  SCV  
  65  5:02  Marine  
  65  5:03  SCV  
  68  5:11  Supply Depot  
  68  5:13  SCV  
  69  5:15  SCV  
  69  5:18  Marine x2  
  69  5:20  Medivac  
  74  5:23  Medivac  
  74  5:25  SCV  
  74  5:27  Missile Turret, SCV  
  74  5:28  Factory Tech Lab  
  78  5:31  Refinery  
  78  5:32  Refinery  
  78  5:35  Supply Depot  
  78  5:37  SCV  
  78  5:40  Supply Depot  
  78  5:41  SCV  
  80  5:45  Combat Shields  
  80  5:48  Barracks x2  
  80  5:49  Marine, SCV  
  82  5:54  SCV  
  83  6:01  SCV  
  83  6:02  Supply Depot  
  83  6:03  Supply Depot  
  84  6:08  Marine  
  84  6:09  Barracks Reactor  
  84  6:10  Marine x2, Siege Tank  
  90  6:11  SCV  
  90  6:13  SCV  
  92  6:24  Supply Depot, Medivac  
  94  6:25  Medivac  
  94  6:26  Marine, Supply Depot  
  94  6:28  Marine, SCV x2  
  100  6:42  Barracks Reactor  
  100  6:44  Barracks Reactor  
  100  6:45  Marine x2  
  100  6:46  Command Center  
  102  6:48  Marine x2  
  102  6:49  Terran Infantry Armor Level 1  
  102  6:51  Marine  
  105  7:02  Marine  
  105  7:03  Marine  
  105  7:06  Marine  
  105  7:08  Marine  
  105  7:09  Marine, Medivac  
  105  7:10  Siege Tank  
  104  7:19  Marine x4  
  104  7:20  Marine x2  
  109  7:26  Marine x2  
  111  7:31  Marine  
  111  7:37  Marine x3, Engineering Bay  
  112  7:38  Armory, SCV x2  
  112  7:42  Siege Tank  
  112  7:43  Liberator x2  
  120  7:45  Supply Depot  
  120  7:49  Marine x2  
  120  7:50  SCV  
  123  8:05  Orbital Command  
  129  8:07  SCV  
  129  8:08  SCV  
  131  8:12  Marine  
  131  8:13  Marine  
  131  8:19  SCV  
  134  8:20  SCV  
  134  8:22  Marine x2  
  134  8:23  Marine x2  
  139  8:28  Marine x2  
  141  8:34  Supply Depot x2  
  141  8:35  Supply Depot  
  141  8:42  SCV  
  141  8:43  Medivac x2  
  141  8:47  Command Center  
  146  9:00  Siege Tank  
  146  9:01  Marine x8  
  146  9:02  Marine  
  158  9:05  Barracks  
  158  9:07  Barracks  
  158  9:14  Medivac  
  158  9:16  Supply Depot  
  160  9:19  Marine x8  
  160  9:20  Barracks  
  140  9:48  SCV  
  140  9:51  Marine x9  
  140  9:52  Marine  
  149  9:54  Marine  
  149  9:59  Medivac x2  
  154  10:09  Marine x10  
  154  10:12  Marine  
Show
View Real Time Build Order
Export as new Build Order

Juicy Protoss 

Build Orders: 1 Gate Expand 

Get SALT Encoding   

  12  0:01  Probe (Chrono Boost)  
  13  0:11  Probe (Chrono Boost)  
  14  0:17  Pylon  
  14  0:22  Probe (Chrono Boost)  
  16  0:35  Probe (Chrono Boost)  
  16  0:38  Gateway  
  16  0:42  Assimilator  
  16  0:46  Probe (Chrono Boost)  
  17  0:57  Probe (Chrono Boost)  
  18  1:07  Probe (Chrono Boost)  
  19  1:24  Nexus  
  19  1:33  Cybernetics Core  
  19  1:36  Probe (Chrono Boost)  
  20  1:42  Assimilator  
  20  1:47  Probe (Chrono Boost)  
  20  1:52  Pylon  
  21  1:58  Probe (Chrono Boost)  
  23  2:11  Mothership Core (Chrono Boost), Adept  
  23  2:15  Warp Gate  
  26  2:35  Gateway, Probe (Chrono Boost)  
  26  2:36  Probe (Chrono Boost)  
  27  2:45  Probe (Chrono Boost)  
  28  2:52  Probe (Chrono Boost)  
  28  2:57  Robotics Facility  
  30  2:58  Probe (Chrono Boost)  
  30  3:03  Probe (Chrono Boost)  
  31  3:07  Sentry  
  31  3:09  Probe (Chrono Boost)  
  34  3:16  Probe (Chrono Boost)  
  34  3:19  Probe (Chrono Boost)  
  36  3:27  Probe (Chrono Boost)  
  36  3:28  Twilight Council  
  36  3:30  Probe (Chrono Boost)  
  38  3:35  Pylon  
  38  3:37  Probe (Chrono Boost)  
  39  3:44  Observer (Chrono Boost)  
  39  3:45  Probe  
  39  3:46  Probe  
  42  3:51  Pylon  
  42  3:57  Probe x2  
  44  4:08  Blink (Chrono Boost)  
  44  4:09  Probe  
  45  4:10  Probe  
  45  4:15  Assimilator  
  46  4:19  Assimilator  
  46  4:20  Probe  
  46  4:21  Probe  
  48  4:30  Gateway  
  48  4:31  Probe, Stalker  
  48  4:32  Stalker  
  48  4:34  Pylon, Probe  
  54  4:42  Probe  
  55  4:46  Probe  
  55  4:49  Pylon  
  55  4:51  Immortal  
  55  4:52  Probe  
  60  4:58  Probe  
  62  5:03  Probe  
  63  5:12  Probe  
  63  5:13  Robotics Bay, Stalker  
  63  5:14  Stalker  
  68  5:24  Probe  
  68  5:27  Probe  
  70  5:30  Nexus  
  70  5:38  Forge  
  70  5:39  Probe  
  70  5:40  Probe  
  72  5:43  Adept, Forge  
  74  5:51  Adept x2  
  78  5:57  Pylon  
  78  6:09  Pylon  
  78  6:13  Pylon, Probe  
  78  6:15  Disruptor (Chrono Boost)  
  78  6:16  Protoss Ground Weapons Level 1 (Chrono Boost), Protoss Ground Armor Level 1 (Chrono Boost)  
  82  6:18  Adept  
  82  6:20  Resonating Glaives  
  82  6:21  Stalker  
  86  6:31  Photon Cannon  
  86  6:33  Photon Cannon  
  86  6:34  Adept  
  88  6:42  Probe  
  88  6:43  Probe x2  
  88  6:44  Pylon  
  88  6:45  Gateway  
  91  6:49  Disruptor (Chrono Boost)  
  94  6:59  Stalker x2  
  75  7:08  Probe  
  75  7:09  Probe x2  
  75  7:15  Stalker  
  74  7:19  Probe  
  74  7:21  Probe  
  73  7:26  Probe  
  73  7:29  Probe  
  72  7:34  Probe  
  74  7:39  Probe  
  74  7:40  Probe  
  76  7:46  Probe  
  77  7:53  Probe  
  77  7:54  Disruptor (Chrono Boost), Probe  
  77  7:55  Protoss Ground Armor Level 2 (Chrono Boost)  
  77  7:58  Probe  
  83  8:04  Photon Cannon  
  83  8:05  Probe  
  84  8:10  Protoss Ground Weapons Level 2  
  84  8:12  Probe  
  85  8:15  Probe  
  85  8:17  Probe  
  87  8:23  Assimilator x2  
  87  8:24  Sentry, Probe  
  90  8:31  Templar Archives  
  90  8:33  Disruptor (Chrono Boost)  
  93  8:35  Probe  
  93  8:36  Probe  
  93  8:38  Probe  
  96  8:43  Photon Cannon  
  96  8:48  Probe  
  96  8:52  Adept x3  
  96  8:54  Probe  
  104  9:09  Adept  
  106  9:12  Adept  
  106  9:13  Adept x2  
  106  9:14  Probe  
  113  9:21  Gateway  
  113  9:22  Probe  
  113  9:23  Gateway  
  114  9:25  Gateway  
  88  9:41  Adept  
  88  9:42  Adept x3  
  83  9:51  Disruptor (Chrono Boost)  
  83  9:52  Adept x2  
  72  9:53  Adept  
  58  10:11  Stalker  
Tags
 
Add a new tag
Caveats
  • Supply blocks, unpowered buildings, or Contaminate may cause inaccurate times.
  • Supply counts are checked every 10 seconds.